 Dungeon Crawl Stone Soup version 0.19.4-8-ga85b6b9 (webtiles) character file.

5667 equalderp2856 the Gouger (level 10, -4/44 HPs)
             Began as a Felid Fighter on Feb 13, 2017.
             Slain by a vampire (5 damage)
             ... on level 12 of the Dungeon on Feb 14, 2017.
             The game lasted 01:43:55 (24772 turns).

equalderp2856 the Gouger (Felid Fighter)           Turns: 24772, Time: 01:43:55

Health: -4/44      AC:  2    Str: 18    XL:     10   Next: 47%
Magic:  0/26       EV: 21    Int: 11    God:
Gold:   556        SH:  0    Dex: 17    Spells: 5 memorised, 8 levels left
                                        Lives:  0   Deaths: 3

rFire  . . .     SeeInvis +       - Unarmed
rCold  . . .     Gourm    .     (armour unavailable)
rNeg   . . .     Faith    .     (shield unavailable)
rPois  +         Spirit   +     (helmet unavailable)
rElec  .         Reflect  .     (cloak unavailable)
rCorr  .         Harm     .     (gloves unavailable)
MR     +....                    (boots unavailable)
Stlth  ++........               f - amulet of guardian spirit
                                s - ring of magical power
                                J - ring of poison resistance

@: confused, mighty, lethally poisoned (-4 -> -16), about to teleport, very
slightly contaminated, very heavily drained, quick
A: no armour, no weapons or thrown items, stealth, claws 1, fangs 3, see
invisible, carnivore 3, speed 1, shaggy fur 2, slow metabolism 1, sharp paws
a: no special abilities


You were on level 12 of the Dungeon.
You were not hungry.

You visited 1 branch of the dungeon, and saw 12 of its levels.
You also visited: Sewer and Ossuary.

You collected 756 gold pieces.
You spent 200 gold pieces at shops.

Inventory:

Missiles
 g - 314 arrows
 l - 59 bolts
 N - 11 curare-tipped needles
Magical Staves
 t - an uncursed staff of power {unknown}
Jewellery
 f - an amulet of guardian spirit (around neck)
 s - a ring of magical power (right paw)
 J - a ring of poison resistance (left paw)
 O - an uncursed ring of positive energy
Wands
 y - a wand of flame (30/48)
 z - a wand of lightning (5/15)
 C - a wand of flame (12/48)
 I - a wand of paralysis (17/24)
 K - a wand of iceblast (6/15)
 M - a wand of slowing (25/48)
Scrolls
 c - 2 scrolls of fog
 d - 3 scrolls of teleportation
 e - 8 scrolls of remove curse
 i - 4 scrolls of enchant armour
 k - 4 scrolls of magic mapping
 m - a scroll of enchant weapon {unknown}
 n - 8 scrolls of identify
 p - 6 scrolls of random uselessness
 w - a scroll of recharging
 A - 3 scrolls of amnesia
Potions
 a - 2 potions of might
 j - 4 potions of magic
 o - 4 potions of brilliance
 r - 10 potions of flight
 u - a potion of resistance
 v - 3 potions of degeneration
 B - a potion of invisibility
 G - 3 potions of mutation
 L - 2 potions of haste
Books
 E - a book of Minor Magic

   Spells                             Type                      Level
   a - Magic Dart                     Conjuration                  1
   b - Blink                          Translocation                2
   c - Call Imp                       Summoning                    2
   d - Repel Missiles                 Charms/Air                   2
   e - Slow                           Hexes                        2
   f - Conjure Flame                  Conjuration/Fire             3
   g - Mephitic Cloud                 Conjuration/Poison/Air       3
Comestibles
 b - 4 meat rations
 q - 8 bread rations
 D - 5 beef jerkies
 H - 3 fruits


   Skills:
 + Level 5.3(1.8) Fighting
 + Level 9.3(5.4) Dodging
 + Level 10.0(6.0) Stealth
 + Level 13.7(9.3) Unarmed Combat
 * Level 4.1(0.7) Spellcasting
 + Level 0.5(0.0) Conjurations
 + Level 0.4(0.0) Summonings


You had 8 spell levels left.
You knew the following spells:

 Your Spells              Type           Power        Failure   Level  Hunger
a - Magic Dart            Conj           #...         34%         1    ##.....
b - Blink                 Tloc           N/A          56%         2    ###....
c - Call Imp              Summ           #.......     56%         2    ###....
d - Repel Missiles        Chrm/Air       #.....       56%         2    ###....
e - Slow                  Hex            #.......     56%         2    ###....


Dungeon Overview and Level Annotations

Branches:
Dungeon (12/15)            Temple (0/1) D:6            Lair (0/6) D:10
    Orc (0/2) D:9

Altars:
Gozag
Sif Muna
Trog
Uskayaw
Yredelemnul
Zin

Shops:
D:5 ?   D:6 :

Annotations:
D:4 Edmund, Sigmund
D:10 Nergalle, Sonja


Innate Abilities, Weirdness & Mutations

You cannot wear armour.
You are incapable of wielding weapons or throwing items.
Your paws allow you to move quietly. (Stealth)
You have sharp claws.
You have razor-sharp teeth.
You have supernaturally acute eyesight. (SInv)
You are carnivorous and can eat meat at any time.
You cover ground quickly.
You are covered in thick fur. (AC +2)
You have a slow metabolism.
Your sharp claws are effective at attacking unaware monsters.


Message History

A cyclops comes into view.
* * * LOW HITPOINT WARNING * * *
You feel sick. The killer bee stings you.
The vampire gestures at you while chanting.
You are confused.
The killer bee stings you.
* * * LOW HITPOINT WARNING * * *
The killer bee misses you.
Okay, then.
Evoke which item? (* to show all) (? for menu, Esc to quit)
Okay, then.
* * * LOW HITPOINT WARNING * * *
You feel sick. The killer bee closely misses you.
The killer bee stings you but does no damage.
* * * LOW HITPOINT WARNING * * *
You feel sick.
The crimson imp summons a swarm of flies.
The crimson imp closely misses you. The iguana closely misses you.
The vampire completely misses you. The vampire bites you!
You die...

# ##. .. ...#
##### ...
....##...###...
.$...........
...........#
...Y...5V..#
.......@...#
......ly..##
....##.y=.# .##
#.##..# #. ...#
## ....# ##..#
C... #...


You could see a cyclops, a vampire, an ice beast, an iguana, 2 killer bees and a
crimson imp.

Vanquished Creatures
  An unseen horror (D:9)
  A cyclops (D:10)
  Maurice (D:10)
  A troll (D:9)
  Prince Ribbit (D:6)
  3 hippogriffs
  A wyvern (D:10)
  4 yaks (D:9)
  3 hungry ghosts
  A hell hound (D:10)
  2 water moccasins
  A necrophage (D:9)
  3 sky beasts
  6 orc warriors
  10 ogres
  A phantom (D:6)
  A hornet zombie (D:10)
  An ice beast (D:10)
  The ghost of danebombitumenja the Shooter, an amateur CeHu (Sewer)
  9 centaurs
  A crocodile (D:8)
  4 big kobolds
  4 bullfrogs
  4 gnoll sergeants
  5 water moccasin zombies (Ossuary)
  7 scorpions
  9 wights
  2 bullfrog zombies
  4 crimson imps
  2 jellies
  7 orc priests
  2 bullfrog skeletons
  A gnoll shaman (D:6)
  14 orc wizards
  2 hounds
  4 iguanas
  11 worker ants
  A siren (Sewer)
  A merfolk avatar (Sewer)
  A big kobold zombie (Ossuary)
  A hound zombie (D:5)
  2 mummies (Ossuary)
  A hound skeleton (D:10)
  Robin (D:4)
  2 worker ant zombies
  12 gnolls
  12 adders
  6 river rats
  3 shadow imps
  An ooze (D:3)
  5 adder zombies
  2 adder skeletons
  5 worms
  3 dart slugs
  6 leopard geckos
  38 orcs
  11 giant cockroaches
  2 gnoll zombies (Ossuary)
  17 goblins
  16 hobgoblins
  15 jackals
  16 kobolds
  6 quokkas
  5 ball pythons
  8 bats
  7 frilled lizards
  4 hobgoblin zombies (Ossuary)
  A jackal zombie (D:8)
  3 kobold zombies (Ossuary)
  5 orc zombies (Ossuary)
  A quokka skeleton (D:7)
  26 rats
  A spectral orc (D:8)
382 creatures vanquished.

Vanquished Creatures (others)
  A kobold zombie (Ossuary)
  An orc zombie (Ossuary)
2 creatures vanquished.

Grand Total: 384 creatures vanquished

Notes
Turn   | Place    | Note
-------+----------+-------------------------------------------
     0 | D:1      | equalderp2856 the Felid Fighter began the quest for the Orb.
     0 | D:1      | Reached XP level 1. HP: 10/10 MP: 2/2
   396 | D:1      | Reached XP level 2. HP: 14/14 MP: 3/3
  1123 | D:1      | Reached XP level 3. HP: 17/17 MP: 4/4
  1681 | D:2      | Reached skill level 1 in Stealth
  1896 | D:2      | Found a glowing silver altar of Zin.
  1896 | D:2      | Found a deep blue altar of Sif Muna.
  2245 | D:3      | Noticed a moth of wrath
  2449 | D:3      | Reached XP level 4. HP: 21/21 MP: 5/5
  2582 | D:3      | Found a bloodstained altar of Trog.
  2634 | D:3      | Reached skill level 5 in Unarmed Combat
  3028 | D:4      | Noticed Sigmund
  3346 | D:4      | Noticed Robin
  4271 | D:4      | Killed Robin
  4362 | D:4      | Reached XP level 5. HP: 14/24 MP: 6/6
  4732 | D:4      | Noticed Edmund
  5199 | D:3      | HP: 1/24 [orc/whip (2)]
  5734 | D:3      | Reached skill level 5 in Dodging
  5734 | D:3      | Gained mutation: You are covered in thick fur. (AC +2) [Felid growth]
  5734 | D:3      | Reached XP level 6. HP: 24/28 MP: 7/7
  5913 | D:4      | Reached skill level 6 in Unarmed Combat
  6744 | D:5      | Entered Level 5 of the Dungeon
  6889 | D:5      | Noticed a sky beast
  7076 | D:5      | Found a glowing drain.
  7088 | Sewer    | Entered a sewer
  7635 | Sewer    | Reached XP level 7. HP: 31/31 MP: 8/8
  7857 | Sewer    | Noticed danebombitumenja's ghost (amateur CeHu)
  7872 | Sewer    | HP: 1/31 [adder (4)]
  7873 | Sewer    | Mangled by danebombitumenja's ghost
  7874 | Sewer    | Reached XP level 6. HP: -7/28 MP: 7/7
  8064 | Sewer    | Mangled by danebombitumenja's ghost
  8065 | Sewer    | Reached XP level 5. HP: -6/25 MP: 6/6
  8093 | Sewer    | Killed danebombitumenja's ghost
  8093 | Sewer    | Reached skill level 7 in Unarmed Combat
  8589 | D:5      | Found Harysigg's Magic Scroll Boutique.
  8661 | D:5      | Reached XP level 6. HP: 28/28 MP: 7/7
  8970 | D:5      | Killed a sky beast
  9406 | D:6      | Noticed a sky beast
  9419 | D:6      | Killed a sky beast
  9419 | D:6      | Reached skill level 5 in Stealth
  9419 | D:6      | Reached XP level 7. HP: 25/33 MP: 8/8
  9429 | D:6      | Found a staircase to the Ecumenical Temple.
  9656 | D:6      | Reached skill level 8 in Unarmed Combat
  9719 | D:6      | Found a sand-covered staircase.
  9727 | Ossuary  | Entered an ossuary
 10363 | Ossuary  | Reached XP level 8. HP: 16/36 MP: 9/9
 11201 | D:6      | Found Dirphugyu's Book Shop.
 11631 | D:6      | Reached skill level 9 in Unarmed Combat
 12710 | D:6      | Noticed Prince Ribbit
 12776 | D:6      | Killed Prince Ribbit
 13186 | D:6      | Reached skill level 10 in Unarmed Combat
 13777 | D:7      | Reached XP level 9. HP: 40/40 MP: 10/10
 14229 | D:7      | Found an opulent altar of Gozag.
 14438 | D:7      | HP: 1/40 [orc wizard/magic dart (11)]
 14711 | D:7      | Reached skill level 11 in Unarmed Combat
 16032 | D:6      | Bought a book of Minor Magic for 200 gold pieces
 16046 | D:6      | Learned a level 1 spell: Magic Dart
 16049 | D:6      | Learned a level 2 spell: Blink
 16052 | D:6      | Learned a level 2 spell: Call Imp
 16055 | D:6      | Learned a level 2 spell: Repel Missiles
 16425 | D:8      | Found a basalt altar of Yredelemnul.
 16955 | D:8      | Reached skill level 1 in Spellcasting
 16955 | D:8      | Reached XP level 10. HP: 43/43 MP: 12/12
 17004 | D:8      | Reached skill level 12 in Unarmed Combat
 17176 | D:8      | Learned a level 2 spell: Slow
 17853 | D:9      | Found a hide-covered altar of Uskayaw.
 17917 | D:9      | Reached skill level 5 in Fighting
 18523 | D:9      | Found a staircase to the Orcish Mines.
 19902 | D:9      | Reached skill level 13 in Unarmed Combat
 20144 | D:9      | Noticed an unseen horror
 20599 | D:10     | Entered Level 10 of the Dungeon
 20599 | D:10     | Found a staircase to the Lair.
 20879 | D:10     | Noticed Nergalle
 20949 | D:10     | Noticed Maurice
 20967 | D:10     | Killed Maurice
 20967 | D:10     | Reached XP level 11. HP: 28/48 MP: 16/16
 21449 | D:9      | Shot with an arrow by a centaur
 21450 | D:9      | Reached XP level 10. HP: -7/44 MP: 0/25
 21532 | D:9      | Killed an unseen horror
 22978 | D:10     | Killed a cyclops
 22978 | D:10     | Reached skill level 10 in Stealth
 23308 | D:10     | Noticed Sonja
 24644 | D:11     | Noticed a gargoyle
 24645 | D:11     | Noticed an unseen horror
 24686 | D:11     | HP: 1/44 [unseen horror (5)]
 24760 | D:11     | Noticed a white ugly thing
 24770 | D:12     | Noticed a cyclops
 24771 | D:12     | HP: 2/44 [poisoned by a killer bee]
 24772 | D:12     | Slain by a vampire

Skill      XL: |  1  2  3  4  5  6  7  8  9 10 |
---------------+-------------------------------+-----
Stealth        | 1 2 4 5 6 7 8 10 | 10.0
Unarmed Combat | 5 7 6 8 10 11 13 | 13.7
Dodging        | 5 6 7 8 9 |  9.3
Fighting       | 4 5 |  5.3
Spellcasting   | 1 4 |  4.1
Conjurations   | |  0.5
Summonings     | |  0.4

Action                   |  1- 3 |  4- 6 |  7- 9 | 10-12 || total
-------------------------+-------+-------+-------+-------++-------
Melee: Unarmed           |   108 |   340 |   454 |   421 ||  1323
       Bite              |    11 |    34 |    41 |    54 ||   140
       Punch             |     1 |     8 |    21 |    28 ||    58
 Cast: Magic Dart        |       |       |       |    17 ||    17
       Call Imp          |       |       |       |    15 ||    15
       Blink             |       |       |       |     2 ||     2
       Repel Missiles    |       |       |       |     1 ||     1
  Use: Scroll            |       |    10 |     2 |     4 ||    16
       Potion            |       |     2 |     4 |     7 ||    13
 Stab: Sleeping          |     6 |     7 |    16 |     9 ||    38
       Distracted        |       |     1 |     3 |     3 ||     7
  Eat: Chunk             |    10 |     6 |    18 |     5 ||    39
       Royal jelly       |       |       |     1 |       ||     1
       Meat ration       |       |       |     1 |     1 ||     2
       Beef jerky        |       |       |       |     1 ||     1
Armor: Skin              |     5 |    19 |    17 |    17 ||    58
Dodge: Dodged            |    99 |   299 |   343 |   332 ||  1073
       Deflected         |       |       |       |     1 ||     1
